 Dungeon Crawl Stone Soup version 0.21.0-3-g78d12a8 (webtiles) character file.

84 Monsterracer the Skirmisher (level 4, -3/31 HPs)
             Began as a Halfling Abyssal Knight on Jan 8, 2018.
             Was a Believer of Lugonu.
             Slain by Sigmund
             ... wielding a +0 scythe
              (10 damage)
             ... on level 2 of the Dungeon.
             The game lasted 00:04:40 (2210 turns).

Monsterracer the Skirmisher (HaAK)                  Turns: 2210, Time: 00:04:40

Health: -3/31      AC:  6    Str: 14    XL:     4   Next: 72%
Magic:  5/5        EV: 12    Int: 10    God:    Lugonu [**....]
Gold:   28         SH:  0    Dex: 13    Spells: 3/3 levels left

rFire    . . .     SeeInvis .   a - +1 falchion
rCold    . . .     Gourm    .   (shield restricted)
rNeg     . . .     Faith    .   l - +0 scale mail
rPois    .         Spirit   .   (no helmet)
rElec    .         Reflect  .   (no cloak)
rCorr    .         Harm     .   (no gloves)
MR       .....                  (no boots)
Stlth    ..........             (no amulet)
HPRegen  0.10/turn              (no ring)
MPRegen  0.09/turn              (no ring)

@: no status effects
A: small, mutation resistance 1
a: Depart the Abyss, Bend Space, Renounce Religion


You were on level 2 of the Dungeon.
You worshipped Lugonu.
Lugonu was pleased with you.
You were not hungry.

You visited 1 branch of the dungeon, and saw 2 of its levels.
You visited the Abyss 1 time.

You collected 28 gold pieces.

Inventory:

Hand Weapons
 a - a +1 falchion (weapon)
Missiles
 j - 35 stones (quivered)
Armour
 l - a +0 scale mail (worn)
Scrolls
 d - a scroll of remove curse {unknown}
 f - a scroll of enchant armour {unknown}
 g - 2 scrolls of identify {unknown}
 h - 3 scrolls of teleportation {unknown}
Potions
 e - a potion of ambrosia {!q}
 i - a potion of lignification {unknown}
Comestibles
 b - a chunk of flesh
 c - 5 rations


   Skills:
 + Level 3.1 Fighting
 * Level 3.1 Long Blades
 + Level 2.5 Armour
 + Level 2.1 Dodging
 + Level 2.6 Invocations


You had 3 spell levels left.
You didn't know any spells.

Dungeon Overview and Level Annotations

Branches:
Dungeon (2/15)

Altars:
Cheibriados

Annotations:
D:2 Sigmund


Innate Abilities, Weirdness & Mutations

You are small and have problems with some larger weapons.
You are somewhat resistant to further mutation.


Message History

The giant cockroach is heavily wounded.
The giant cockroach barely misses you.
The giant cockroach bites you but does no damage.
You hit the giant cockroach.
You kill the giant cockroach!
Lugonu accepts your kill.
Key pressed, stopping explore.
No target in view!
You regained 2 hp, and now have 28/31 hp.
No target in view!
You are feeling very hungry.
You regained 2 hp, and now have 30/31 hp.
There is a stone staircase leading down here.
Sigmund casts a spell at you. The magic dart hits you!
You take 4 damage, and have 26/31 hp.
Sigmund is nearby!
You see here a chunk of flesh.
Eat a chunk of flesh? (ye/n/q)
You eat the chunk of flesh.
This raw flesh tastes terrible.
You see here a bat corpse.
You butcher the bat corpse.
Things that are here:
a chunk of flesh; a bat skeleton
b - a chunk of flesh Sigmund points at you and mumbles some strange words.
You are confused.
You bump into the rock wall.
You're too confused to move!
It was a potion of ambrosia.
You are more confused.
You feel invigorated.
Health restored: 31 Sigmund barely misses you.
Sigmund casts a spell at you. You resist with some effort.
You bump into the rock wall.
You feel less invigorated. Sigmund barely misses you.
You bump into the rock wall.
Sigmund misses you.
You bump into the rock wall.
You bump into the rock wall.
Sigmund closely misses you.
You barely miss Sigmund.
You feel less confused. Sigmund misses you.
You hit Sigmund.
Sigmund is lightly wounded.
Sigmund misses you.
You riposte.
You hit Sigmund.
Sigmund is moderately wounded.
You hit Sigmund.
Sigmund is moderately wounded.
You hit Sigmund but do no damage.
Sigmund is moderately wounded.
Sigmund closely misses you.
You riposte.
You hit Sigmund.
Sigmund is heavily wounded.
You closely miss Sigmund.
Sigmund is heavily wounded.
Sigmund hits you with a scythe.
You take 1 damage, and have 30/31 hp.
You hit Sigmund.
Sigmund is heavily wounded.
Sigmund hits you with a scythe.
You completely miss Sigmund.
Sigmund is heavily wounded.
Sigmund giggles. "Time to reap what you sow."
Sigmund closely misses you.
Unknown command.
You hit Sigmund but do no damage.
Sigmund is heavily wounded.
You slash Sigmund!
Sigmund is almost dead.
Sigmund closely misses you.
You hit Sigmund but do no damage.
Sigmund is almost dead.
Sigmund hits you with a scythe!
You take 7 damage, and have 23/31 hp.
MASSIVE DAMAGE!!
You barely miss Sigmund.
Sigmund is almost dead.
Sigmund hits you with a scythe!
You take 7 damage, and have 16/31 hp.
MASSIVE DAMAGE!!
Unknown command.
You completely miss Sigmund.
Sigmund is almost dead.
You hit Sigmund.
Sigmund is almost dead.
Sigmund hits you but does no damage.
You closely miss Sigmund.
Sigmund is almost dead.
Sigmund hits you with a scythe!
* * * LOW HITPOINT WARNING * * *
You take 10 damage, and have 6/31 hp.
MASSIVE DAMAGE!!
You barely miss Sigmund.
Sigmund is almost dead.
Sigmund closely misses you.
You riposte.
You hit Sigmund but do no damage.
Sigmund is almost dead.
You hit Sigmund.
Sigmund is almost dead.
You hit Sigmund but do no damage.
Sigmund is almost dead.
Sigmund hits you with a scythe!
You die...

### ### #.# #.#### ..# #....# #.#
##.##.##### #.#
#.........#########
#.###########..#.####.##......#
#.##...........#......##.###.##
#.##.#########.#########.###.#
#.##.#..........@@...........#
#....#.######.##########.########
######.# #.##.. #..@รท....#
.......# #.##.# #####@....
#############.##.# #.....
..#.........#.##.# #.....
.##.#######.#.##.# #@.... .##.#
#.#....#+## #.....
.##.#######.###.....########.....


You could see Sigmund.

Vanquished Creatures
  A centaur skeleton (D:2)
  2 worms (D:2)
  3 leopard geckos
  A bat (D:2)
  5 giant cockroaches
  6 goblins
  3 hobgoblins (D:1)
  5 jackals (D:1)
  6 kobolds
  3 ball pythons
  6 frilled lizards
  3 rats
44 creatures vanquished.

Notes
Turn   | Place    | Note
-------+----------+-------------------------------------------
     0 | Abyss:1  | Monsterracer the Halfling Abyssal Knight began the quest for the Orb.
     0 | Abyss:1  | Reached XP level 1. HP: 15/15 MP: 2/2
    83 | Abyss:1  | Noticed a ynoxinul
   109 | Abyss:1  | Noticed a storm dragon skeleton
   138 | Abyss:1  | Noticed a worldbinder
   139 | D:1      | Escaped the Abyss
   279 | D:1      | Reached XP level 2. HP: 20/20 MP: 3/3
   583 | D:1      | Reached * piety under Lugonu
   675 | D:1      | Reached XP level 3. HP: 21/25 MP: 4/4
  1515 | D:2      | Noticed Sigmund
  1659 | D:2      | Found a snail-covered altar of Cheibriados.
  1678 | D:2      | Reached XP level 4. HP: 24/31 MP: 5/5
  2086 | D:2      | Reached ** piety under Lugonu
  2207 | D:2      | HP: 6/31 [Sigmund/scythe (10)]
  2210 | D:2      | Slain by Sigmund

Skill      XL: |  1  2  3 |
---------------+----------+-----
Fighting       | 3 |  3.1
Long Blades    | 3 |  3.1
Dodging        | 2 |  2.1
Armour         | |  2.5
Invocations    | |  2.6

Action                   |  1- 3 |  4- 6 || total
-------------------------+-------+-------++-------
Melee: Falchion          |    90 |    45 ||   135
Invok: Depart the Abyss  |     1 |       ||     1
  Use: Potion            |       |     1 ||     1
 Stab: Distracted        |     1 |       ||     1
       Sleeping          |     1 |       ||     1
  Eat: Chunk             |     2 |     2 ||     4
Armor: Leather armour    |     8 |       ||     8
       Scale mail        |     6 |    10 ||    16
Dodge: Dodged            |    68 |    28 ||    96
       Rpst.: Falchion   |    20 |    11 ||    31

Vault maps used:
D:1:      dpeg_arrival_another_circle
D:2:      cheibriados_altar_1, first_ration, uniq_sigmund
